AoeStats
← Tierra y Libertad

Arena

505419202Analyzed
1v1 RM · 24d ago on Sep 9, 2026· 49m 5s· 2 players
Game mode
Random Map
Map size
Tiny (2 player)
Population
200
Speed
Normal
Resources
Standard
Victory
Conquest
Starting age
Dark Age
Ending age
Imperial Age
RankedLock teamsTeams togetherTeam positionsShared explorationLock speedFull tech treeHidden civsTurbo modeCheats
Victory
Defeat
🇵🇬 Italians · Papua New Guinea
715
+17
🇹🇷 Saracens · Türkiye
737
-17
LyricLearner240
3:03 Loom
11:24 Feudal Age
11:58 Double-Bit Axe
12:06 Stone Mining
12:30 Horse Collar
20:10 Castle Age
18:04 Fletching
18:16 Padded Archer Armor
18:22 Arson
17:59 Man-at-Arms
19:24 Gold Mining
21:00 Crossbowman
21:43 Pikeman
23:04 Bodkin Arrow
35:44 Imperial Age
34:10 Ballistics
33:46 Murder Holes
37:43 Chemistry
38:11 Bracer
39:25 Leather Archer Armor
40:10 Wheelbarrow
43:10 Ring Archer Armor
43:37 Conscription
44:36 Elite Genoese Crossbowman
Tierra y Libertad
12:39 Feudal Age
13:47 Double-Bit Axe
13:46 Horse Collar
16:20 Castle Age
20:19 Stone Mining
20:43 Bow Saw
20:36 Heavy Plow
22:24 Wheelbarrow
30:22 Imperial Age
38:43 Gold Mining
39:08 Loom
40:21 Forging
40:18 Scale Barding Armor
40:40 Elite Mameluke
41:46 Conscription
44:24 Hand Cart
44:56 Counterweights
44:58 Bimaristan
Connection lost

Rejoining the realm…

Still unreachable

The connection could not be restored.

Session expired

The server has moved on; the page needs a fresh start.